 Dungeon Crawl Stone Soup version 0.21-a0-201-g8501b10 (webtiles) character file.

55486 Leszczynek the Grappler (level 14, -2/143 HPs)
             Began as a Troll Skald on Aug 17, 2017.
             Was a Follower of Uskayaw.
             Killed from afar by an orc sorcerer (23 damage)
             ... with a bolt of fire
             ... led by an orc high priest
             ... while paralysed by an orc sorcerer
             ... on level 2 of the Orcish Mines.
             The game lasted 00:58:37 (9928 turns).

Leszczynek the Grappler (Troll Skald)               Turns: 9928, Time: 00:58:38

Health: -2/143     AC: 11    Str: 25    XL:     14   Next: 38%
Magic:  18/18      EV:  1    Int: 14    God:    Uskayaw [*.....]
Gold:   1165       SH:  0    Dex: 16    Spells: 8/15 levels left

rFire    . . .     SeeInvis .     - Unarmed
rCold    + . .     Gourm    +   q - +0 shield of the Skies Above {Regen+ Str-2 Dex+4}
rNeg     . . .     Faith    .   L - +0 acid dragon scales
rPois    +         Spirit   .   (helmet restricted)
rElec    .         Reflect  .   (no cloak)
rCorr    +         Harm     .   (gloves unavailable)
MR       +....                  (boots unavailable)
Stlth    ++........             (no amulet)
HPRegen  1.13/turn              z - ring of Suspicion {Str+5 Int+2 Slay+2}
MPRegen  0.16/turn              y - ring of poison resistance

@: paralysed, drained
A: unfitting armour, claws 3, talons 1, thin metallic scales 1, thin skeletal
structure 1, cold resistance 1, fast metabolism 3, gourmand, low mp 1,
regeneration 1, shaggy fur 1, tough skin 2
a: Stomp, Renounce Religion


You were on level 2 of the Orcish Mines.
You worshipped Uskayaw.
Uskayaw was aware of your devotion.
You were very full.

You visited 3 branches of the dungeon, and saw 22 of its levels.
You visited 1 bazaar.
You also visited: Ice Cave.

You collected 1529 gold pieces.
You spent 364 gold pieces at shops.

Inventory:

Hand Weapons
 G - a +0 blowgun
 H - a +1 hand crossbow
Missiles
 a - 2 throwing nets
 c - 7 curare-tipped needles
 t - 26 tomahawks (quivered)
 v - 10 javelins
 I - 48 bolts
 J - 7 large rocks
Armour
 f - a +2 robe of the Archmagi
 h - +0 swamp dragon scales
 q - the +0 shield of the Skies Above (worn) {Regen+ Str-2 Dex+4}
   (You found it on level 13 of the Dungeon)

   It affects your strength (-2).
   It affects your dexterity (+4).
   It increases your rate of regeneration.
 L - +0 acid dragon scales (worn)
Jewellery
 r - an uncursed ring of wizardry
 y - a ring of poison resistance (right claw)
 z - the ring of Suspicion (left claw) {Str+5 Int+2 Slay+2}
   (You found it on level 5 of the Lair of Beasts)

   [ring of slaying]

   It affects your strength (+5).
   It affects your intelligence (+2).
   It affects your accuracy and damage with ranged weapons and melee attacks
   (+2).
 N - an uncursed ring of protection from magic
 Z - an uncursed ring of fire
Wands
 k - a wand of confusion (13/48)
 A - a wand of enslavement (16/24)
 B - a wand of flame (41/48)
 K - a wand of flame (1/48)
 P - a wand of clouds (5/9)
 T - a wand of lightning (5/15)
 V - a wand of iceblast (6/15)
 W - a wand of lightning (8/15)
Scrolls
 g - 4 scrolls of teleportation
 i - 2 scrolls of enchant weapon
 j - 6 scrolls of remove curse {@r2}
 m - 8 scrolls of recharging
 p - a scroll of fog {unknown}
 s - 2 scrolls of blinking
 x - 3 scrolls of magic mapping
 C - a scroll of enchant armour {unknown}
 D - a scroll of silence {unknown}
 Q - a scroll of summoning {unknown}
 S - a scroll of fear {unknown}
Potions
 e - 2 potions of haste
 o - a potion of magic
 w - 5 potions of curing {@q1}
 F - 3 potions of heal wounds {@q2}
 M - a potion of berserk rage {!q}
 R - a potion of flight
 Y - 2 potions of resistance
Books
 O - a book of Necromancy

   Spells                             Type                      Level
   a - Pain                           Necromancy                   1
   b - Animate Skeleton               Necromancy                   1
   c - Vampiric Draining              Necromancy                   3
   d - Regeneration                   Charms/Necromancy            3
   e - Animate Dead                   Necromancy                   4
   f - Control Undead                 Necromancy                   4
Miscellaneous
 U - a sack of spiders
Comestibles
 b - 21 chunks of flesh
 d - 13 bread rations
 l - 14 meat rations
 n - 34 fruits
 u - 3 royal jellies


   Skills:
 - Level 10.0(9.2) Fighting
 * Level 1.5(0.9) Throwing
 + Level 7.3(6.6) Dodging
 - Level 9.0(8.2) Shields
 - Level 14.0(13.2) Unarmed Combat
 - Level 1.2(0.6) Spellcasting
 - Level 2.0(1.3) Charms
 + Level 10.8(10.1) Invocations


You had 8 spell levels left.
You knew the following spells:

 Your Spells              Type           Power        Failure   Level  Hunger
a - Song of Slaying       Chrm           #.......     34%         2    ###....
b - Shroud of Golubria    Chrm/Tloc      #.........   41%         2    ###....
q - Regeneration          Chrm/Necr      #.........   65%         3    ####...


Dungeon Overview and Level Annotations

Branches:
Dungeon (14/15)            Temple (0/1) D:7            Lair (6/6) D:9
  Swamp (0/4) Lair:3        Snake (0/4) Lair:4        Slime (0/5) Lair:5
    Orc (2/2) D:10
    Elf: Orc:2       Vaults: D:13-14

Altars:
Ashenzari
Elyvilon
Kikubaaqudgha
Makhleb
Ru
Sif Muna
Trog
Uskayaw
Wu Jian
Zin
Beogh

Shops:
D:9 ?   D:11 }   D:12 *

Annotations:
D:9 3 death yaks, hell rat
D:10 Erolcha, Maurice
D:11 4h
D:13 Snorg
D:14 Kirke
Lair:3 6h 8h
Lair:4 6h 8h, exclusion: hydra


Innate Abilities, Weirdness & Mutations

You are too large for most types of armour.
You have claws for hands.
Your metabolism is lightning-fast.
You like to eat raw meat.
Your natural rate of healing is unusually fast.
You are covered in fur. (AC +1)
You have very tough skin. (AC +2)
You have sharp toenails.
You are partially covered in thin metallic scales. (AC +2)
You have a somewhat thin skeletal structure. (Dex +2, Stealth)
Your flesh is cold resistant. (rC+)
Your magical capacity is low. (-10% MP)


Message History

You barely miss the orc sorcerer.
You claw the orc sorcerer, but do no damage.
The orc sorcerer casts a spell at you.
You suddenly lose the ability to move!
The sun demon hits you!
You are engulfed in flames!!
The orc sorcerer hits you but does no damage.
The sun demon hits you.
You are engulfed in flames!
The orc sorcerer gestures at you while chanting.
The bolt of negative energy hits you!
You feel drained.
The sun demon hits you but does no damage.
The orc sorcerer hits you but does no damage.
The sun demon completely misses you.
The orc sorcerer hits you with a dagger.
The sun demon hits you!
* * * LOW HITPOINT WARNING * * *
You are engulfed in flames!
* * * LOW HITPOINT WARNING * * *
The orc sorcerer points at you and mumbles some strange words.
The bolt of fire hits you!
You die...

#...........
..........#
#.........#
........##
##........#
##........#.#
#####............
##.#.#.†))@3......
#........##o##....
##......##


ho# . #.#....# o8$# ... ##..#...# $..#.... #$......# .8$#... ### ##......##
_.##.# #..## ####....#####..## ##...## ##...........####.....# You could see a
sun demon, a warg, an orc sorcerer and 2 orcs.

Vanquished Creatures
  Rupert (Lair:6)
  A fire dragon (Lair:6)
  4 hydras
  3 two-headed ogres
  9 death yaks
  3 unseen horrors
  A swamp dragon (Lair:6)
  An orc knight (Orc:2)
  A cyclops (D:12)
  A manticore (Lair:6)
  2 ugly things
  An orc sorcerer (Orc:2)
  16 elephants
  A black mamba (Lair:1)
  A centaur zombie (D:13)
  2 gargoyles
  13 spiny frogs
  3 rime drakes
  7 komodo dragons
  A troll (Orc:1)
  A tengu conjurer (D:13)
  12 polar bears
  5 slime creatures (D:13)
  5 hippogriffs
  6 blink frogs
  4 dream sheep (Lair:6)
  2 raiju (Lair:6)
  A shadow (D:13)
  3 wraiths
  33 yaks
  A basilisk (Lair:3)
  3 wyverns
  A steam dragon (Lair:6)
  5 wargs
  3 nagas (Lair:4)
  3 acid dragons (Lair:6)
  5 water moccasins
  15 hell hounds (Lair:6)
  3 porcupines
  10 orc warriors
  5 ice beasts
  13 black bears
  A phantom (D:12)
  3 sky beasts
  A swamp drake (Lair:6)
  5 ogres
  18 wolves
  A centaur (D:12)
  4 crocodiles
  2 big kobolds
  12 bullfrogs
  A wyvern skeleton (D:8)
  2 scorpions
  4 killer bees (D:12)
  2 electric eels (D:13)
  9 wights
  A howler monkey (D:12)
  5 crimson imps
  2 quasits
  3 hounds
  5 orc priests
  2 centaur skeletons
  10 jellies (Lair:5)
  12 orc wizards
  2 bullfrog skeletons
  5 iguanas
  A hell rat (D:9)
  8 worker ants
  6 adders
  4 gnolls (Orc:2)
  A shadow imp (D:5)
  4 oozes
  An adder skeleton (D:6)
  2 worms (D:5)
  A dart slug (D:4)
  4 leopard geckos
  36 orcs
  A ball python (D:4)
  2 bats (D:1)
  A giant cockroach (D:4)
  2 goblins (D:3)
  2 hobgoblins
  8 jackals
  15 kobolds
  A frilled lizard (D:2)
  A giant cockroach zombie (D:5)
  A jackal skeleton (D:4)
  A leopard gecko zombie (D:9)
  A quokka zombie (D:5)
  4 rats
  A fungus (Lair:6)
  2 plants
434 creatures vanquished.

Vanquished Creatures (others)
  2 fungi
  18 plants
20 creatures vanquished.

Grand Total: 454 creatures vanquished

Notes
Turn   | Place    | Note
-------+----------+-------------------------------------------
     0 | D:1      | Leszczynek the Troll Skald began the quest for the Orb.
     0 | D:1      | Reached XP level 1. HP: 19/19 MP: 1/1
   233 | D:2      | Reached skill level 3 in Unarmed Combat
   233 | D:2      | Reached XP level 2. HP: 27/27 MP: 2/2
   238 | D:2      | Learned a level 2 spell: Shroud of Golubria
   585 | D:3      | Reached XP level 3. HP: 31/33 MP: 3/3
   773 | D:4      | Noticed a scorpion
   790 | D:4      | Killed a scorpion
   790 | D:4      | Reached skill level 4 in Unarmed Combat
   790 | D:4      | Reached XP level 4. HP: 41/41 MP: 1/4
   927 | D:4      | Reached skill level 5 in Unarmed Combat
   930 | D:5      | Entered Level 5 of the Dungeon
   974 | D:4      | Noticed an orc warrior
   975 | D:4      | ?
  1068 | D:4      | Reached XP level 5. HP: 43/48 MP: 5/5
  1207 | D:4      | Noticed an ogre
  1214 | D:4      | Killed an ogre
  1214 | D:4      | Reached skill level 6 in Unarmed Combat
  1214 | D:4      | Reached XP level 6. HP: 54/55 MP: 1/6
  1385 | D:5      | Reached skill level 7 in Unarmed Combat
  1480 | D:5      | Found a white marble altar of Elyvilon.
  1524 | D:5      | Reached XP level 7. HP: 56/62 MP: 7/7
  1667 | D:6      | Reached skill level 8 in Unarmed Combat
  1742 | D:6      | Reached skill level 2 in Fighting
  1777 | D:6      | Found a deep blue altar of Sif Muna.
  1779 | D:6      | Found an ancient bone altar of Kikubaaqudgha.
  1780 | D:6      | Found a hide-covered altar of Uskayaw.
  1781 | D:6      | Found a bloodstained altar of Trog.
  1784 | D:6      | Became a worshipper of Uskayaw the Reveler
  1846 | D:6      | Found a shattered altar of Ashenzari.
  1850 | D:6      | Found a glowing silver altar of Zin.
  1854 | D:6      | Found a burning altar of Makhleb.
  1857 | D:6      | OF COURSE
  1942 | D:7      | Found a staircase to the Ecumenical Temple.
  1982 | D:7      | Reached * piety under Uskayaw
  1987 | D:7      | Reached ** piety under Uskayaw
  2027 | D:7      | Reached skill level 3 in Fighting
  2107 | D:8      | HP: 10/67 [orc warrior/long sword (10)]
  2302 | D:9      | Found Wakhir's Magic Scroll Emporium.
  2312 | D:9      | Reached XP level 8. HP: 72/75 MP: 5/8
  2319 | D:9      | Bought a scroll of magic mapping for 56 gold pieces
  2319 | D:9      | Bought a scroll of teleportation for 48 gold pieces
  2319 | D:9      | Bought a scroll of remove curse for 48 gold pieces
  2319 | D:9      | Bought a scroll of teleportation for 48 gold pieces
  2447 | D:9      | Gained mutation: Your flesh is cold resistant. (rC+) [mutagenic meat]
  2448 | D:9      | Gained mutation: You are resistant to hostile enchantments. (MR+) [mutagenic meat]
  2449 | D:9      | Gained mutation: You tend to lose your temper in combat. [mutagenic meat]
  2450 | D:9      | Gained mutation: You have sharp toenails. [mutagenic meat]
  2451 | D:9      | Gained mutation: You have razor-sharp toenails. [mutagenic meat]
  2452 | D:9      | Gained mutation: Scrolls take you a little longer to read. [mutagenic meat]
  2456 | D:9      | Lost mutation: You tend to lose your temper in combat. [potion of mutation]
  2456 | D:9      | Lost mutation: Scrolls take you a little longer to read. [potion of mutation]
  2456 | D:9      | Lost mutation: You are resistant to hostile enchantments. (MR+) [potion of mutation]
  2456 | D:9      | Lost mutation: You have razor-sharp toenails. [potion of mutation]
  2456 | D:9      | Gained mutation: You have a somewhat thin skeletal structure. (Dex +2, Stealth) [potion of mutation]
  2456 | D:9      | Gained mutation: Your magical capacity is low. (-10% MP) [potion of mutation]
  2456 | D:9      | Gained mutation: You are partially covered in thin metallic scales. (AC +2) [potion of mutation]
  2507 | D:8      | Reached skill level 4 in Fighting
  2525 | D:9      | Noticed a death yak
  2538 | D:9      | Noticed a death yak
  2540 | D:9      | Noticed a death yak
  2586 | D:9      | Found an ornate altar of the Wu Jian Council.
  2599 | D:9      | Found a staircase to the Lair.
  2686 | D:9      | Reached skill level 9 in Unarmed Combat
  2690 | D:10     | Entered Level 10 of the Dungeon
  2717 | D:10     | Reached skill level 2 in Dodging
  2721 | D:10     | Reached *** piety under Uskayaw
  2772 | D:10     | Reached skill level 5 in Fighting
  2822 | D:10     | Noticed Erolcha
  2903 | D:10     | Reached skill level 3 in Dodging
  2923 | D:10     | Noticed Maurice
  3044 | D:10     | Reached skill level 6 in Fighting
  3096 | D:11     | Noticed a gargoyle
  3098 | D:11     | Noticed a hippogriff
  3100 | D:11     | Killed a gargoyle
  3100 | D:11     | Reached XP level 9. HP: 92/92 MP: 5/8
  3104 | D:11     | Reached skill level 7 in Fighting
  3107 | D:11     | Reached **** piety under Uskayaw
  3283 | D:11     | Reached skill level 1 in Invocations
  3371 | D:11     | Reached skill level 2 in Invocations
  3444 | D:11     | Noticed a four-headed hydra
  3490 | D:10     | Reached skill level 4 in Dodging
  3540 | D:11     | Reached skill level 3 in Invocations
  3627 | D:11     | Noticed a two-headed ogre
  3641 | D:11     | Reached skill level 4 in Invocations
  3657 | D:11     | Killed a two-headed ogre
  3657 | D:11     | Reached XP level 10. HP: 56/102 MP: 7/11
  3657 | D:11     | Reached ***** piety under Uskayaw
  3697 | D:11     | Noticed a green ugly thing
  3714 | D:11     | Killed a green ugly thing
  3714 | D:11     | Reached skill level 10 in Unarmed Combat
  3714 | D:11     | Reached skill level 5 in Invocations
  3723 | D:11     | Found Jock's Gadget Boutique.
  3746 | D:11     | Reached skill level 5 in Dodging
  3853 | D:12     | Killed an unseen horror
  3871 | D:12     | Reached skill level 6 in Invocations
  3893 | D:12     | Noticed a gargoyle
  3951 | D:12     | Killed a gargoyle
  4037 | D:12     | Noticed a cyclops
  4052 | D:12     | Killed a cyclops
  4054 | D:12     | Noticed a purple ugly thing
  4065 | D:12     | Killed a purple ugly thing
  4065 | D:12     | Reached skill level 7 in Invocations
  4065 | D:12     | Reached ****** piety under Uskayaw
  4118 | D:12     | Found Porumenoep's General Store.
  4121 | D:12     | Bought a scroll of identify for 28 gold pieces
  4224 | D:12     | Reached XP level 11. HP: 76/109 MP: 14/14
  4393 | D:13     | Found a sacrificial altar of Ru.
  4400 | D:13     | Noticed a tengu warrior
  4429 | D:13     | Killed an unseen horror
  4429 | D:13     | Reached skill level 8 in Invocations
  4520 | D:13     | Found a flickering gateway to a bazaar.
  4570 | D:13     | Reached skill level 11 in Unarmed Combat
  4690 | D:13     | Got a twisted shield
  4696 | D:13     | Identified the cursed +0 shield of the Skies Above {Regen+ Str-2 Dex+4} (You found it on level 13 of the Dungeon)
  4725 | D:13     | Reached skill level 1 in Shields
  4764 | D:13     | Noticed Snorg
  4825 | D:13     | Noticed a two-headed ogre
  4848 | D:13     | Killed a two-headed ogre
  4848 | D:13     | Reached skill level 2 in Shields
  4942 | Bazaar   | Entered a bazaar
  4952 | Bazaar   | Found Xois's Weapon Shop.
  4960 | Bazaar   | Found Cefaor's Antique Weapon Shop.
  4968 | Bazaar   | Found Otysiqawn's Assorted Antiques.
  4976 | Bazaar   | Found Ypeduicaiff's Weapon Boutique.
  4992 | Bazaar   | Bought a potion of heal wounds for 85 gold pieces
  4992 | Bazaar   | Bought a scroll of identify for 34 gold pieces
  4992 | Bazaar   | Bought a scroll labeled ILOMEU WUTINN for 17 gold pieces
  5010 | Bazaar   | i wonder if usefulness of bazaars depends on how much gold do you have
  5010 | Bazaar   | kek
  5059 | D:13     | Reached skill level 3 in Shields
  5070 | D:14     | Noticed a death knight
  5070 | D:14     | Noticed a phantasmal warrior
  5205 | D:13     | Noticed a two-headed ogre
  5282 | D:13     | Killed a two-headed ogre
  5282 | D:13     | Reached skill level 4 in Shields
  5355 | D:14     | Killed an unseen horror
  5355 | D:14     | Reached skill level 5 in Shields
  5385 | D:14     | Noticed Kirke
  5404 | D:14     | why are pigs fast
  5404 | D:14     | i don't get it
  5581 | Lair:1   | Entered Level 1 of the Lair of Beasts
  5631 | Lair:1   | Reached skill level 6 in Shields
  5883 | Lair:2   | Reached XP level 12. HP: 107/118 MP: 15/15
  5912 | Lair:2   | Reached skill level 7 in Shields
  6041 | Lair:4   | Noticed a six-headed hydra
  6056 | Lair:4   | Found a frozen archway.
  6106 | IceCv    | Entered an ice cave
  6111 | IceCv    | nope
  6253 | Lair:4   | Noticed an eight-headed hydra
  6398 | Lair:4   | Found a staircase to the Snake Pit.
  6495 | Lair:3   | Reached skill level 8 in Shields
  6507 | Lair:3   | Noticed an eight-headed hydra
  6549 | Lair:2   | Reached skill level 8 in Fighting
  6797 | Lair:2   | Noticed a four-headed hydra
  6807 | Lair:2   | Killed a four-headed hydra
  6932 | Lair:3   | Noticed a six-headed hydra
  7135 | Lair:3   | Reached skill level 9 in Shields
  7135 | Lair:3   | Reached skill level 12 in Unarmed Combat
  7204 | Lair:3   | Found a staircase to the Swamp.
  7296 | Lair:3   | Reached skill level 9 in Invocations
  7333 | Lair:5   | Got a flickering pewter ring
  7336 | Lair:5   | Identified the ring of Suspicion {Str+5 Int+2 Slay+2} (You found it on level 5 of the Lair of Beasts)
  7436 | Lair:6   | Entered Level 6 of the Lair of Beasts
  7436 | Lair:6   | Noticed a death yak
  7436 | Lair:6   | Noticed a death yak
  7436 | Lair:6   | Noticed a death yak
  7436 | Lair:6   | Noticed a death yak
  7438 | Lair:6   | Noticed a death yak
  7438 | Lair:6   | Noticed a death yak
  7448 | Lair:5   | Killed a death yak
  7479 | Lair:5   | Found a staircase to the Slime Pits.
  7589 | Lair:6   | Noticed a four-headed hydra
  7598 | Lair:6   | Killed a four-headed hydra
  7598 | Lair:6   | Reached XP level 13. HP: 73/128 MP: 3/16
  7998 | Lair:5   | Reached skill level 13 in Unarmed Combat
  8244 | Lair:6   | Reached skill level 9 in Fighting
  8305 | Lair:6   | Noticed a fire dragon
  8311 | Lair:6   | Noticed Rupert
  8322 | Lair:6   | Killed a fire dragon
  8327 | Lair:6   | Killed Rupert
  8327 | Lair:6   | Reached skill level 10 in Invocations
  8522 | Lair:6   | Reached skill level 14 in Unarmed Combat
  8696 | Lair:6   | Reached skill level 6 in Dodging
  8714 | Lair:6   | Reached XP level 14. HP: 86/140 MP: 18/18
  9098 | Lair:4   | Found a shattered altar of Ashenzari.
  9361 | D:9      | Reached skill level 7 in Dodging
  9369 | D:9      | Reached skill level 10 in Fighting
  9378 | D:9      | Learned a level 3 spell: Regeneration
  9381 | D:9      | Learned a level 2 spell: Song of Slaying
  9396 | D:10     | Found a staircase to the Orcish Mines.
  9468 | Orc:1    | Entered Level 1 of the Orcish Mines
  9807 | Orc:2    | Entered Level 2 of the Orcish Mines
  9819 | Orc:2    | Reached skill level 1 in Throwing
  9918 | Orc:2    | Found a roughly hewn altar of Beogh.
  9923 | Orc:2    | Paralysed by an orc sorcerer for 5 turns
  9928 | Orc:2    | HP: 21/143 [sun demon[an orc high priest] (11)]
  9928 | Orc:2    | Killed from afar by an orc sorcerer

Vault maps used:
D:1:      onia_arrival_pentagram, minmay_misc_feat_ornament
D:2:      first_bread, kennysheep_generic_room_12, uniq_natasha
D:3:      uniq_grinder
D:5:      lemuel_doored_altar
D:6:      minmay_overflow_temple_star_quad, minitemple, serial_shops, shop,
          uniq_crazy_yiuf_cottage
D:7:      minmay_klotski, minmay_temple_entry_glassed_door, uniq_pikel
D:8:      uniq_joseph
D:9:      dpeg_lair_monsters, basic_altar, serial_shops, shop
D:10:     orc_0_dummy, uniq_erolcha, uniq_maurice
D:11:     serial_shops, shop
D:12:     serial_shops, nicolae_shop_behind_doors
D:13:     serial_shops, bzr_entry_lakeside, grunt_tengu_nest,
          nicolae_ru_awakened_eye, uniq_snorg
D:14:     erik_vaults_1, uniq_kirke
Lair:1:   uniq_fannar
Lair:3:   minmay_swamp_entry_worms
Lair:4:   guppyfry_snake_entry_island, basic_altar,
          portal_ice_cave_entry_pillars_1, lemuel_fruit_fields
Lair:5:   minmay_slime_entry_jelly_boxes
Lair:6:   guppyfry_lair_end_dragon, hangedman_lair_caniforms_friends,
          grunt_megastairs_5, uniq_rupert
Orc:1:    nicolae_orc_rockfall, statue_in_the_mist_lemuel
Orc:2:    st_orc_ogre_mass, roderic_batcave, kennysheep_orc_chapel, uniq_azrael,
          uniq_donald
Bazaar:   bazaar_kb_twisted_cavern
IceCv:    ice_cave_statue_garden_teleport

Skill      XL: |  1  2  3  4  5  6  7  8  9 10 11 12 13 14 |
---------------+-------------------------------------------+-----
Unarmed Combat | 3 4 5 6 7 8 9 10 11 12 14 | 14.0
Fighting       | 3 6 7 8 9 10 | 10.0
Dodging        | 3 4 5 6 7 |  7.3
Invocations    | 4 7 8 9 10 | 10.8
Shields        | 6 9 |  9.0
Throwing       | 1 |  1.5
Spellcasting   | |  1.2
Charms         | |  2.0

Action                   |  1- 3 |  4- 6 |  7- 9 | 10-12 | 13-15 || total
-------------------------+-------+-------+-------+-------+-------++-------
Melee: Unarmed           |    70 |   128 |   269 |   516 |   460 ||  1443
       Punch             |     1 |     1 |    15 |     7 |       ||    24
       Kick              |       |       |    53 |   185 |   187 ||   425
Throw: Tomahawk          |       |       |       |     3 |       ||     3
 Cast: Shroud of Golubri |     1 |     4 |    19 |    19 |     5 ||    48
Invok: Stomp             |       |       |       |    11 |     5 ||    16
       Grand Finale      |       |       |       |       |     1 ||     1
Evoke: Wand              |       |       |       |    12 |     4 ||    16
  Use: Scroll            |       |       |     5 |     9 |     6 ||    20
       Potion            |       |       |     2 |       |     2 ||     4
 Stab: Sleeping          |     2 |       |     1 |     4 |     1 ||     8
       Paralysed         |       |       |     5 |    32 |    39 ||    76
       Distracted        |       |       |       |     1 |       ||     1
       Confused          |       |       |       |       |     1 ||     1
  Eat: Chunk             |    12 |     8 |    27 |    41 |    23 ||   111
Armor: Robe              |    24 |    59 |    82 |   112 |    25 ||   302
       Acid dragon scale |       |       |       |       |    78 ||    78
Dodge: Dodged            |    26 |    76 |   110 |   184 |   176 ||   572
Block: Shield            |       |       |       |   129 |   256 ||   385
